 Dungeon Crawl Stone Soup version 0.28-a0-723-g095bd1b44f (webtiles) character file.

Game seed: 16618496642069120726

0 meatgazer the Skirmisher (level 1, -22/18 HPs)
             Began as a Demonspawn Abyssal Knight on Oct 25, 2021.
             Was a Follower of Lugonu.
             Annihilated by a spriggan rider (24 damage)
             ... on level 3 of the Abyss.
             The game lasted 00:00:27 (165 turns).

meatgazer the Skirmisher (Demonspawn Abyssal Knight) Turns: 165, Time: 00:00:28

Health: -22/18     AC:  3    Str: 13    XL:     1   Next: 0%
Magic:  2/2        EV: 11    Int: 11    God:    Lugonu [*.....]
Gold:   0          SH:  0    Dex: 13    Spells: 0/0 levels left

rFire   . . .      SeeInvis .   a - +1 falchion
rCold   . . .      Faith    .   (no shield)
rNeg    . . .      Spirit   .   b - +0 leather armour
rPois   .          Reflect  .   (no helmet)
rElec   .          Harm     .   (no cloak)
rCorr   .          Rampage  .   (no gloves)
Will    .....                   (no boots)
Stlth   +.........              (no amulet)
HPRegen 0.06/turn               (no ring)
MPRegen 0.08/turn               (no ring)

@: no status effects
A: no striking features
a: Renounce Religion, Depart the Abyss


You were on level 3 of the Abyss.
You worshipped Lugonu.
Lugonu was aware of your devotion.
You visited 0 branches of the dungeon, and saw 0 of its levels.
You visited the Abyss 1 time.

Inventory:

Hand Weapons
 a - a +1 falchion (weapon)
Armour
 b - a +0 leather armour (worn)
Wands
 d - a wand of paralysis (13)
Scrolls
 c - a scroll of amnesia
Potions
 e - a potion of might {unknown}


   Skills:
 + Level 3.0 Fighting
 + Level 1.7 Long Blades
 + Level 1.7 Armour
 + Level 0.8 Dodging
 + Level 2.4 Invocations


You couldn't memorise any spells.
You didn't know any spells.
Your spell library was empty.

Dungeon Overview and Level Annotations

Branches:
Dungeon (0/15)

Altars:


Message History

Lugonu says: Depart the Abyss and spread corruption, my servant! (use the ability menu to exit the Abyss) Press ? for a list of commands and other information.
Found a corrupted altar of Lugonu.
Found a gateway leading out of the Abyss.
c - a scroll labelled CEQ HY HIFI
Found a gateway leading deeper into the Abyss.
Found 16 stones.
There is a gateway leading deeper into the Abyss here.
You plunge deeper into the Abyss.
Found a corrupted altar of Lugonu.
Found a gateway leading deeper into the Abyss.
Found a robe and 40 gold pieces.
There is a gateway leading deeper into the Abyss here.
You plunge deeper into the Abyss.
The abyssal rune of Zot can be found at this depth.
Found a bronze wand and 9 gold pieces.
d - a wand of paralysis (13)
Found a chain mail.
A neqoxec comes into view.
e - a scroll labelled TAEGEMN RUOTI
There are no items here.
As you read the scroll labelled TAEGEMN RUOTI, it crumbles to dust.
It is a scroll of identify.
c - a scroll of amnesia You aren't carrying any potions.
Found 30 gold pieces.
Found a silvery potion.
e - a silvery potion
There are no items here.
A merfolk comes into view. It is wielding a +0 trident.
The merfolk shouts!
You hear an angry hiss.
A spriggan rider comes into view. It is wielding a +0 spear.
The spriggan rider shouts!
The spriggan rider hits you from afar with a +0 spear!
Ouch! That really hurt!
* * * LOW HITPOINT WARNING * * *
Found a gateway leading out of the Abyss.
The spriggan rider hits you from afar with a +0 spear!!
Ouch! That really hurt!
You die...

#.#...#.##
#......#
#.#.##.#### ...
..#.m≈≈#####∩
##..##.....≈≈.....
#.#...##...≈...≈.
..#.#.#.....i§.≈..
..# ######.≈§.≈...
#.@#§.#≈≈§
#...P.≈..§≈
....#.......≈
..###.#.#...##.
.##.#.### ## ###..
.. #.#


You could see a spriggan rider and a merfolk.

Vanquished Creatures (others)
  A plant (Abyss:3)
1 creature vanquished.

Notes
Turn   | Place    | Note
-------+----------+-------------------------------------------
     0 | Abyss:1  | meatgazer the Demonspawn Abyssal Knight began the quest for
                  | the Orb.
     0 | Abyss:1  | Reached XP level 1. HP: 18/18 MP: 2/2
   117 | Abyss:2  | Found a corrupted altar of Lugonu.
   137 | Abyss:3  | Noticed a neqoxec
   159 | Abyss:3  | Noticed a merfolk
   161 | Abyss:3  | Noticed a spriggan rider
   165 | Abyss:3  | Annihilated by a spriggan rider

Illustrated notes

Levels and vault maps discovered:
Abyss:3:  base: Temple, hangedman_abyss_theft, serial_sigils_hangedman_quiver,
          minivault_4, hangedman_abyss_theft,
          hangedman_grunt_abyss_rune_horror_hoard

Action                   || total
-------------------------++-------
  Use: Scroll            ||     1

Table legend: (Time is in decaauts)
 A = Elapsed time spent in this place.
 B = Non-inter-level travel time spent in this place.
 C = Inter-level travel time spent in this place.
 D = Time resting spent in this place.
 E = Time spent auto-exploring this place.
 F = Levels seen in this place.
 G = Mean time per level.
                   A        B        C        D        E       F      G
               +--------+--------+--------+--------+--------+-----+--------+
         Total |    164 |    164 |      0 |      0 |    116 |   3 |   54.7 |
         Abyss |    164 |    164 |      0 |      0 |    116 |   3 |   54.7 |
               +--------+--------+--------+--------+--------+-----+--------+

Top non-repeatable levels by time:
 Abyss:1: 117 daAuts
 Abyss:3: 39 daAuts
 Abyss:2: 7 daAuts
